 Dungeon Crawl Stone Soup version 0.29.0-4-gdea44cf6ec (webtiles) character file.

Game seed: 3131039998473484329

44 qw the Chopper (level 3, -3/21 HPs)
             Began as a Tengu Warper on Aug 28, 2022.
             Slain by a goblin
             ... wielding a +0 club
             ... led by Robin
              (5 damage)
             ... on level 2 of the Dungeon.
             The game lasted 00:00:08 (1168 turns).

qw the Chopper (Tengu Warper)                       Turns: 1168, Time: 00:00:09

Health: -3/21      AC:  3    Str: 19    XL:     3   Next: 62%
Magic:  7/7        EV: 12    Int: 13    God:
Gold:   48         SH:  0    Dex: 13    Spells: 6/6 levels left

rFire   . . .      SeeInvis .   Y - +0 hand axe
rCold   . . .      Faith    .   (no shield)
rNeg    . . .      Spirit   .   b - +0 leather armour
rPois   .          Reflect  .   (helmet restricted)
rElec   .          Harm     .   (no cloak)
rCorr   .          Rampage  .   (no gloves)
Will    .....                   (boots unavailable)
Stlth   +.........              (no amulet)
HPRegen 0.07/turn               j - +6 ring of strength
MPRegen 0.10/turn               (no ring)

@: no status effects
A: beak, talons 3
a: no special abilities


You were on level 2 of the Dungeon.
You visited 1 branch of the dungeon, and saw 2 of its levels.

You collected 48 gold pieces.


Innate Abilities, Weirdness & Mutations

You have a beak for a mouth.
You have claws for feet.


   Skills:
 - Level 2.0 Fighting
 + Level 4.3 Axes
 - Level 1.0 Throwing
 - Level 1.1 Armour
 - Level 2.1 Dodging
 - Level 2.0 Spellcasting
 - Level 2.4 Translocations


You had 6 spell levels left.
You didn't know any spells.
Your spell library contained the following spells:

 Spells                   Type           Power      Damage    Failure   Level
 Blink                    Tloc           14%        N/A       17%         2
 Gell's Gravitas          Tloc           7%         N/A       34%         3
 Lesser Beckoning         Tloc           7%         N/A       34%         3
 Teleport Other           Tloc           7%         N/A       34%         3
 Manifold Assault         Tloc           7%         N/A       97%         5

Inventory:

Hand Weapons
 f - a +0 whip
 Y - a +0 hand axe (weapon)
Armour
 b - a +0 leather armour (worn)
Jewellery
 j - a +6 ring of strength (left hand)
Scrolls
 a - a scroll of identify
Potions
 d - a potion of ambrosia {unknown}

Dungeon Overview and Level Annotations

Branches:
Dungeon (2/15)

Altars:

Annotations:
D:2 Robin


Message History

You hit the kobold.
You kill the kobold!
Things that are here:
a +0 dagger; a kobold corpse A goblin comes into view.
It is wielding a +0 dagger.
The goblin shouts!
You hear a shout! x4
A hobgoblin comes into view.
A goblin comes into view. It is wielding a +0 dagger.
Enter note: A goblin comes into view. It is wielding a +0 club.
Robin of the Strong Arm comes into view.
They are wielding a +0 mace.
Robin shouts!
You hear a shout! x4
Robin roars a battlecry!
The goblins go into a battle-frenzy!
A goblin comes into view. It is wielding a +0 club.
A goblin comes into view. It is wielding a +0 club.
The goblin shouts!
A goblin comes into view. It is wielding a +0 club.
The goblin hits you with a +0 dagger.
Robin roars a battlecry!
You hear a shout!
You barely miss the goblin.
The goblin shouts!
A goblin comes into view. It is wielding a +0 dagger.
The goblin hits you with a +0 dagger. Robin throws the goblin at you!
You hit the goblin. You claw the goblin.
You kill the goblin!
You miss the goblin. The goblin hits you with a +0 dagger.
Robin throws the goblin at you!
You completely miss the goblin. You hit the goblin.
The goblin hits you with a +0 club. The goblin barely misses you.
Robin throws the goblin at you!
You barely miss the goblin. You peck the goblin.
You kill the goblin!
You hit the goblin.
You kill the goblin!
You hit the goblin. The goblin hits you with a +0 club.
Robin throws the goblin at you! The goblin hits you with a +0 club.
You die...

#.......# #.. ..#
#.#####.# #.# #.#
#.###.####.######
#...#.##.......?# #
#..#..)..#.##....
#.#####.#.#.####.##.#.#
#.......###......##.#.#
#....gg## #########...#
#.##.#@######### #.###
#.#g#.......# #.### .
#.#.....<.# #.... #
#g#.......# #.###
.g#.......# #.#
.g#.......# #.#
#.#.......## #.#
..#....:...# #.#
##.#.###.# #.###


You could see Robin, a hobgoblin (strong) and 4 goblins.

Vanquished Creatures
  2 dart slugs (D:1)
  8 ball pythons
  5 bats (D:1)
  An endoplasm (D:1)
  3 giant cockroaches (D:1)
  6 goblins
  4 kobolds
  3 quokkas (D:1)
  5 frilled lizards (D:1)
  4 rats
41 creatures vanquished.

Vanquished Creatures (others)
  A fungus (D:1)
  A plant (D:1)
2 creatures vanquished.

Grand Total: 43 creatures vanquished

Notes
Turn   | Place    | Note
-------+----------+-------------------------------------------
     0 | D:1      | qw the Tengu Warper began the quest for the Orb.
     0 | D:1      | Reached XP level 1. HP: 12/12 MP: 4/4
     0 | D:1      | 0 ||| qw: Version: 0.1-a-89-g26bdef1
     0 | D:1      | 0 ||| qw: Game counter: 3187
     0 | D:1      | 0 ||| qw: Always use a shield: true
     0 | D:1      | 0 ||| qw: God list: Okawaru
     0 | D:1      | 0 ||| qw: Allow faded altars: false
     0 | D:1      | 0 ||| qw: Do Orc after D:15 true
     0 | D:1      | 0 ||| qw: Do second Lair branch before Depths: true
     0 | D:1      | 0 ||| qw: Lair rune preference: random
     0 | D:1      | 0 ||| qw: Plans: Normal
     0 | D:1      | 0 ||| PLANNING D:1-11
    35 | D:1      | HP: 3/12 [dart slug/slug dart (5)]
   271 | D:1      | 271 ||| Stepping ~*~*~tactically~*~*~ (hiding).
   281 | D:1      | Reached XP level 2. HP: 14/17 MP: 6/6
   389 | D:1      | Reached skill level 3 in Axes
   432 | D:1      | 432 ||| Stepping ~*~*~tactically~*~*~ (stealth).
   440 | D:1      | 440 ||| Stepping ~*~*~tactically~*~*~ (stealth).
   474 | D:1      | 474 ||| Stepping ~*~*~tactically~*~*~ (stealth).
   478 | D:1      | 478 ||| Stepping ~*~*~tactically~*~*~ (stealth).
   509 | D:1      | Reached XP level 3. HP: 13/21 MP: 7/7
   757 | D:1      | Reached skill level 4 in Axes
   849 | D:1      | 849 ||| Stepping ~*~*~tactically~*~*~ (stealth).
   857 | D:1      | 857 ||| Stepping ~*~*~tactically~*~*~ (stealth).
   903 | D:1      | 903 ||| Stepping ~*~*~tactically~*~*~ (stealth).
  1063 | D:1      | Found a faded altar of an unknown god.
  1064 | D:1      | 1064 ||| UPGRADING to +6 ring of strength.
  1065 | D:1      | 1065 ||| READING 2 scrolls labelled SIPRITHRARU.
  1066 | D:1      | 1066 ||| READING scroll labelled DAERCH BEIRPHEZA.
  1067 | D:1      | 1067 ||| READING scroll labelled ADEDIW PEUBOBU.
  1068 | D:1      | 1068 ||| READING scroll labelled WUPASY IRUOL.
  1069 | D:1      | 1069 ||| DROPPING scroll of blinking.
  1162 | D:2      | Noticed Robin
  1168 | D:2      | HP: 3/21 [goblin/+0 club[Robin] (4)]
  1168 | D:2      | Slain by a goblin

Levels and vault maps discovered:
D:1:      minmay_arrival_nine_rooms, layout_basic,
          shapermc_ecumenical_altar_mp_urbaneastern, corexii_corridor_pit,
          minmay_indecisive_spiral
D:2:      layout_loops_cross, wad_orctagon, uniq_robin

Skill      XL: |  1  2  3 |
---------------+----------+-----
Axes           | 3 4 |  4.3
Fighting       | |  2.0
Throwing       | |  1.0
Armour         | |  1.1
Dodging        | |  2.1
Spellcasting   | |  2.0
Translocations | |  2.4

Action                   || total
-------------------------++-------
Melee: Hand axe          ||    80
       Kick              ||    17
       Peck              ||    10
Throw: Boomerang         ||     7
  Use: Scroll            ||     4
Armor: Leather armour    ||    29
Dodge: Dodged            ||    45

Table legend:
 A = Non-vault XP
 B = Vault XP
 C = Vault XP percentage of total XP
 D = Non-vault monster count
 E = Vault monster count
 F = Vault count percentage of total count
                 A         B        C        D         E       F
            +---------+---------+-------+---------+---------+-------
      Total |      59 |       8 |  11.9 |      35 |       6 |  14.6
            +---------+---------+-------+---------+---------+-------
        D:1 |      53 |       5 |   8.6 |      31 |       4 |  11.4
        D:2 |       6 |       3 |  33.3 |       4 |       2 |  33.3
            +---------+---------+-------+---------+---------+-------
